Cogmind - Beta 9.6 @@@ ROGUE MODE // 2020.04.23 @ 19:49:56 // AFD2020/Player2 Player: Nalzok Result: Core destroyed Performance ------------- Evolutions (6) 3000 Regions Visited (12) 2400 Robots Destroyed (95) 475 Value Destroyed (4765) 4765 Prototype IDs (29) 580 Alien Tech Used (0) 0 Bonus (5275) 5275 TOTAL SCORE: 16495 Bonus ------- High Alert Combat Kills 1898 Follower Combat Kills 2978 Entered Garrisons 400 Used RIF Installer 1000 Aligned with FarCom 300 Friendly Fire -1301 Cogmind --------- Core Integrity 0/1150 Matter 300/300 Energy 550/550 System Corruption 8% Temperature Cool (206) Movement Walking (120) Location -4/Factory Parts ------- > --- POWER (2) -------- Antimatter Reactor Antimatter Reactor > --- PROPULSION (4) --- Flexi-carbon Leg Flexi-carbon Leg Flexi-carbon Leg Myomer Leg > --- UTILITY (9) ------ High-capacity Storage Unit Advanced Visual Processing Unit Improved Core Analyzer System Shield Relay Coupler [Grunt] (2) > --- WEAPON (4) ------- Heavy Neutron Cannon Power Sword > --- INVENTORY (12) --- Light Angular Momentum Engine Light Fission Core Flexi-carbon Leg Advanced Heat Sink Recoil Stabilizer Improved Propulsion Shielding Remote Force Field Relay Coupler [NC] (31) Relay Coupler [Sentry] (25) Latent Energy Streamer Improved Remote Datajack Power Sword Peak State ------------ > --- POWER ------------ Micro Fission Core Antimatter Reactor > --- PROPULSION ------- Carbon-fiber Leg Carbon-fiber Leg Carbon-fiber Leg Flexi-carbon Leg > --- UTILITY ---------- Advanced Heat Sink High-capacity Storage Unit High-capacity Storage Unit Advanced Visual Processing Unit Improved Sensor Array Advanced Signal Interpreter Improved Core Analyzer Improved Medium Armor Plating System Shield > --- WEAPON ----------- Heavy Neutron Cannon Gauss Rifle Heavy Machine Gun KE Penetrator > --- INVENTORY -------- Light Angular Momentum Engine Light Fission Core Flexi-carbon Leg Advanced Heat Sink Recoil Stabilizer Improved Propulsion Shielding Remote Force Field Relay Coupler [NC] Relay Coupler [Grunt] Relay Coupler [Sentry] Latent Energy Streamer Magnetic Acceleration Cannon Improved Grenade Launcher Guided Missile Launcher Guided Missile Launcher Improved Remote Datajack Power Sword Power Sword [Rating: 86] Favorites ----------- Power Heavy Ion Engine Engine Heavy Ion Engine Power Core Micro Fission Core Reactor Antimatter Reactor Propulsion Carbon-fiber Leg Treads Light Treads Leg Carbon-fiber Leg Wheel Compact Wheel Utility High-capacity Storage Unit Device Advanced Heat Sink Storage High-capacity Storage Unit Processor Advanced Signal Interpreter Hackware System Shield Protection Improved Medium Armor Plating Weapon Advanced Beam Cannon Energy Gun Heavy Particle Gun Energy Cannon Advanced Beam Cannon Ballistic Gun Gauss Rifle Ballistic Cannon Magnetic Acceleration Cannon Launcher Guided Missile Launcher Special Weapon Improved Remote Datajack Slashing Weapon Power Sword Build | -11 -10 -10 -10 -9 -8 -8 -8 -6 -6 -5 -5 -4 ------- Run | Scr Mat Min Exi Min Mat Sto Rec Fac Gar Fac Gar Fac Slots Evolved 12 | . . . . . 4 . . 4 . 2 . 2 Power 1 | . . . . . . . . 1 . . . . Propulsion 2 | . . . . . . . . . . 2 . . Utility 7 | . . . . . 4 . . 2 . . . 1 Weapon 2 | . . . . . . . . 1 . . . 1 Parts Attached 135 | . 2 6 2 9 17 20 . 4 16 3 30 26 Power 20 | . . 1 . 1 4 2 . 1 . . 9 2 Engine 14 | . . 1 . 1 4 2 . 1 . . 5 . Core 4 | . . . . . . . . . . . 4 . Reactor 2 | . . . . . . . . . . . . 2 Propulsion 40 | . 1 3 . 2 2 10 . . 4 2 6 10 Treads 13 | . . 1 . 2 2 8 . . . . . . Leg 26 | . 1 1 . . . 2 . . 4 2 6 10 Wheel 1 | . . 1 . . . . . . . . . . Hover . | . . . . . . . . . . . . . Flight . | . . . . . . . . . . . . . Utility 28 | . 1 . 2 . 6 3 . 2 7 1 4 2 Device 13 | . . . . . 3 . . 1 5 . 3 1 Storage 4 | . . . 2 . . . . . 2 . . . Processor 5 | . 1 . . . 2 . . 1 . 1 . . Hackware 2 | . . . . . . 1 . . . . . 1 Protection 4 | . . . . . 1 2 . . . . 1 . Artifact . | . . . . . . . . . . . . . Weapon 47 | . . 2 . 6 5 5 . 1 5 . 11 12 Energy Gun 7 | . . . . . 1 1 . . 1 . 4 . Energy Cannon 13 | . . 1 . 5 . 2 . 1 . . 1 3 Ballistic Gun 13 | . . 1 . 1 4 . . . 3 . 3 1 Ballistic Cannon 1 | . . . . . . . . . . . . 1 Launcher 9 | . . . . . . 2 . . 1 . 3 3 Special Weapon 3 | . . . . . . . . . . . . 3 Impact Weapon . | . . . . . . . . . . . . . Slashing Weapon 1 | . . . . . . . . . . . . 1 Piercing Weapon . | . . . . . . . . . . . . . Special Melee Weapon . | . . . . . . . . . . . . . Unidentified Prototypes 6 | . . . . . 1 5 . . . . . . Parts Lost 36 | . . 5 . . 1 . . . 3 . 5 22 Power 4 | . . 1 . . . . . . . . 2 1 Propulsion 12 | . . 2 . . . . . . 1 . 1 8 Utility 7 | . . . . . . . . . 2 . . 5 Weapon 13 | . . 2 . . 1 . . . . . 2 8 Highest Loss Streak 19 | . . 5 . . 1 . . . 2 . 2 19 Average Slot Usage (%) 89 | . 100 93 96 85 80 77 90 92 96 100 99 89 Engine 8 | . 14 11 14 14 9 9 9 13 13 11 4 2 Core 1 | . . . . . . . . . . . 5 4 Treads 8 | . . 8 14 26 18 16 . . . . . . Leg 11 | . 28 15 14 1 . 1 18 13 12 23 22 17 Device 10 | . . . . . 22 9 9 13 17 12 8 8 Storage 10 | . 14 14 14 14 9 9 9 6 9 11 11 9 Processor 11 | . 14 14 10 . 6 9 9 13 13 15 17 14 Hackware 3 | . . . . . . 1 9 6 6 5 5 5 Protection 3 | . . . . . . 8 9 6 1 . 2 4 Energy Gun 2 | . 14 3 . . 1 4 9 6 4 . . . Energy Cannon 6 | . . 8 14 15 7 2 9 12 10 5 2 3 Ballistic Gun 7 | . 14 14 14 12 5 1 . . 2 5 12 12 Launcher 1 | . . . . . . 4 . . 1 5 . 1 Naked Turns . | . . . . . . . . . . . . . Heaviest Build 121 | 10 10 11 87 96 97 114 98 111 111 95 100 121 Greatest Support 85 | 20 20 20 20 40 40 46 30 30 35 65 65 85 Greatest Overweight (x) 28 | . . 1 4 4 2 4 3 3 7 1 1 28 Average Overweight (x) 1 | . . . 1 2 2 2 3 3 2 1 1 1 Largest Inventory Capacity 24 | 6 6 6 24 24 24 24 24 24 24 20 20 20 Average Capacity 20 | 6 6 6 10 24 24 24 24 24 20 20 20 19 Most Carried 24 | 5 6 6 9 12 24 24 24 23 24 20 20 20 Average Carried 18 | 4 5 5 6 10 19 23 23 20 19 18 19 18 Final Capacity 24 | 6 6 6 24 24 24 24 24 24 20 20 20 20 Final Carried 24 | 2 6 5 9 12 24 24 24 23 20 20 20 20 Class Distribution -------------------- 25% | Hauler-Skirmisher 17% | Scavenger-Gunner 17% | Scavenger-Skirmisher 13% | Commander-Skirmisher 13% | Hauler-Mutant 12% | Mutant Dominant Class ---------------- Mutant | -10/Materials Mutant | -10/Mines Mutant | -10/Exiles Hauler-Mutant | -9/Mines Hauler-Mutant | -8/Materials Hauler-Skirmisher | -8/Storage Commander-Skirmisher | -8/Recycling Commander-Skirmisher | -6/Factory Scavenger-Skirmisher | -6/Garrison Scavenger-Gunner | -5/Factory Scavenger-Gunner | -5/Garrison Scavenger-Skirmisher | -4/Factory Resources | -11 -10 -10 -10 -9 -8 -8 -8 -6 -6 -5 -5 -4 ----------- Run | Scr Mat Min Exi Min Mat Sto Rec Fac Gar Fac Gar Fac Matter Collected 3073 | 200 21 90 40 98 184 429 . . 232 45 763 971 Remotely . | . . . . . . . . . . . . . Salvage Created 3515 | . 97 16 . 189 297 226 212 . 707 . 979 792 Parts 174 | . 6 . . 6 15 16 11 . 22 . 41 57 Haulers Intercepted . | . . . . . . . . . . . . . Recyclers Shooed 1 | . . . . . . . . . . . . 1 Parts Field Recycled . | . . . . . . . . . . . . . Retrieved Matter . | . . . . . . . . . . . . . Parts Self-Destructed . | . . . . . . . . . . . . . Prevented . | . . . . . . . . . . . . . Kills | -11 -10 -10 -10 -9 -8 -8 -8 -6 -6 -5 -5 -4 ------- Run | Scr Mat Min Exi Min Mat Sto Rec Fac Gar Fac Gar Fac Combat Hostiles Destroyed 69 | . 2 1 . 4 6 4 3 . 13 . 20 16 Guns 22 | . 2 1 . 1 . . . . 4 . 7 7 Cannons 24 | . . . . 2 6 . 3 . 7 . 5 1 AOE 21 | . . . . 1 . 4 . . . . 8 8 Classes Destroyed 16 | . 1 1 . 1 4 4 1 . 1 . 2 1 Worker 6 | . . . . . . 1 . . . . . 5 Builder 11 | . . . . . . 2 1 . . . . 8 Recycler 4 | . . . . . . 1 2 . . . . 1 Operator 1 | . . . . . . 1 . . . . . . Drone 2 | . . . . . . . 2 . . . . . Watcher 3 | . . . . . 1 1 . . . . . 1 Swarmer 12 | . . . . . 1 . . . 2 . 5 4 Saboteur 1 | . . . . . . . . . . . . 1 Grunt 28 | . 2 . . 3 2 2 1 . 8 . 7 3 Brawler 3 | . . . . 1 . . . . 1 . . 1 Duelist 1 | . . . . . . . . . 1 . . . Sentry 8 | . . . . . 2 1 . . . . 4 1 Hunter 7 | . . . . . 1 1 . . 1 . 2 2 Programmer 5 | . . . . . . . . . . . 1 4 Behemoth 1 | . . . . . . . . . . . 1 . Assembled 2 | . . 1 . 1 . . . . . . . . Best Kill Streak 10 | . 2 1 . 2 3 4 3 . 6 . 9 10 Combat Bots Only 9 | . 2 1 . 2 3 1 1 . 6 . 9 4 Max Kills in Single Turn 5 | . 1 1 . 2 1 3 1 . 1 . 3 5 Gunslinging . | . . . . . . . . . . . . . Exploded 3 | . . . . 1 . 1 . . . . 3 1 Melee . | . . . . . . . . . . . . . Uniques/NPCs Destroyed . | . . . . . . . . . . . . . Combat | -11 -10 -10 -10 -9 -8 -8 -8 -6 -6 -5 -5 -4 -------- Run | Scr Mat Min Exi Min Mat Sto Rec Fac Gar Fac Gar Fac Damage Taken 7100 | . 258 312 . 172 370 445 135 . 971 . 1323 3114 Core 846 | . 69 71 . 7 . 59 21 . 134 . 151 334 Absorbed by Shields . | . . . . . . . . . . . . . Core Remaining (%) 49 | 100 . . . 9 . . 52 . 18 . 67 . Volleys Fired 292 | . 11 27 . 11 31 22 14 . 49 1 58 68 Largest 4 | . 2 2 . 2 2 2 2 . 3 3 3 4 Hottest 201 | . 70 80 . 80 80 123 123 . 191 129 161 201 Shots Fired 653 | . 22 36 . 19 56 29 28 . 147 3 156 157 Gun 382 | . 22 34 . 8 25 8 14 . 57 1 103 110 Cannon 218 | . . 2 . 11 31 6 14 . 90 1 43 20 Launcher 50 | . . . . . . 15 . . . 1 10 24 Special 3 | . . . . . . . . . . . . 3 Kinetic 287 | . 11 30 . 8 25 1 . . 8 1 91 112 Thermal 308 | . 11 6 . 9 31 13 28 . 139 1 55 15 Explosive 50 | . . . . . . 15 . . . 1 10 24 Electromagnetic 5 | . . . . 2 . . . . . . . 3 Robot Hit Streak 26 | . 3 4 . 8 11 8 6 . 9 4 11 26 Robot Miss Streak 7 | . 2 3 . 2 6 2 3 . 7 . 4 5 Penetration Max 1 | . . . . . . . . . . . 1 1 Secondary Targets 2 | . 2 . . . . . . . . . . . Max Gunslinging Chain 1 | . 1 . . . . . . . . . . . Shots Hit Robots 371 | . 12 19 . 10 34 10 17 . 78 3 91 97 Core Hits 219 | . 7 7 . 7 14 28 6 . 33 3 40 74 Critical Hits 21 | . . 1 . . 1 1 3 . 6 . 3 6 Critical Kills 9 | . . . . . 1 . 2 . 3 . 1 2 Critical Parts Destroyed 10 | . . 1 . . . 1 1 . 3 . 1 3 Melee Attacks . | . . . . . . . . . . . . . Impact . | . . . . . . . . . . . . . Slashing . | . . . . . . . . . . . . . Piercing . | . . . . . . . . . . . . . Sneak Attacks . | . . . . . . . . . . . . . Combat Hostiles . | . . . . . . . . . . . . . Follow-up Attacks . | . . . . . . . . . . . . . Damage Inflicted 12724 | . 127 179 . 486 500 1368 388 . 1553 55 2579 5489 Guns 4370 | . 127 179 . 49 78 49 162 . 649 22 1335 1720 Cannons 2758 | . . . . 94 422 20 226 . 904 20 512 560 Explosions 5596 | . . . . 343 . 1299 . . . 13 732 3209 Melee . | . . . . . . . . . . . . . Ramming . | . . . . . . . . . . . . . Kinetic 3360 | . 38 166 . 49 78 12 . . 23 22 1199 1773 Thermal 3745 | . 89 13 . 86 422 57 388 . 1530 20 648 492 Explosive 5253 | . . . . . . 1299 . . . 13 732 3209 Electromagnetic 366 | . . . . 351 . . . . . . . 15 Impact . | . . . . . . . . . . . . . Slashing . | . . . . . . . . . . . . . Piercing . | . . . . . . . . . . . . . Highest Corruption 8 | . . . . 8 . . . . . . 2 8 Average Corruption 2 | . . . . 7 . . . . . . 1 4 Corruption Purged . | . . . . . . . . . . . . . Effects 26 | . . . . 1 . . . . . . 12 13 Message Errors 6 | . . . . . . . . . . . 4 2 Matter Fused 1 | . . . . . . . . . . . . 1 Heat Flow Errors 3 | . . . . 1 . . . . . . 2 . Energy Discharges 3 | . . . . . . . . . . . . 3 Data Loss (minor) 4 | . . . . . . . . . . . 3 1 Misfires 1 | . . . . . . . . . . . . 1 Targeting Errors 7 | . . . . . . . . . . . 2 5 Weapon Failures 1 | . . . . . . . . . . . 1 . Overload Shots . | . . . . . . . . . . . . . Overflow Damage 362 | . . . . . 8 29 . . 18 . 26 281 Projectiles 85 | . . . . . 8 . . . 18 . 16 43 Explosions 277 | . . . . . . 29 . . . . 10 238 Melee . | . . . . . . . . . . . . . Knockbacks . | . . . . . . . . . . . . . Impact . | . . . . . . . . . . . . . Kinetic . | . . . . . . . . . . . . . Secondary . | . . . . . . . . . . . . . Self-Inflicted Damage 204 | . . . . 94 . 55 . . . . 24 31 Shots 5 | . . . . 1 . 2 . . . . 1 1 Rammed . | . . . . . . . . . . . . . Targets Rammed . | . . . . . . . . . . . . . Kicked . | . . . . . . . . . . . . . Crushed . | . . . . . . . . . . . . . Highest Temperature 454 | . 317 60 . 140 142 132 162 . 454 . 264 320 Average Temperature 88 | . 165 25 . 49 42 40 62 . 167 . 100 81 Received Heat Transfer 1066 | . 147 169 . 12 117 108 36 . 90 . 183 204 Effects 4 | . . . . . . . . . 4 . . . Shutdowns 3 | . . . . . . . . . 3 . . . Short Circuit 1 | . . . . . . . . . 1 . . . Siege Activations . | . . . . . . . . . . . . . Robots Corrupted . | . . . . . . . . . . . . . Combat Hostiles . | . . . . . . . . . . . . . Parts Fried 3 | . . . . 3 . . . . . . . . Impact Corruptions . | . . . . . . . . . . . . . Robots Melted 2 | . . . . . . . . . 2 . . . Combat Hostiles 2 | . . . . . . . . . 2 . . . Parts Melted 10 | . . . . . 2 . . . 4 . 4 . Heat Transferred 6510 | . 259 37 . 185 888 111 703 . 2864 37 1126 300 Parts Sabotaged . | . . . . . . . . . . . . . Parts Stolen . | . . . . . . . . . . . . . Parts Stripped . | . . . . . . . . . . . . . Power Chain Reactions . | . . . . . . . . . . . . . Missiles Intercepted . | . . . . . . . . . . . . . Latent Energy Used 275 | . . . . 275 . . . . . . . . LE Corruption 5 | . . . . 5 . . . . . . . . Alert | -11 -10 -10 -10 -9 -8 -8 -8 -6 -6 -5 -5 -4 ------- Run | Scr Mat Min Exi Min Mat Sto Rec Fac Gar Fac Gar Fac Peak Influence 2396 | . 99 38 . 386 288 428 419 1015 1430 984 1659 2396 Average Influence 688 | . 24 10 . 169 122 241 265 986 1200 870 1300 1542 Maximum Alert Level 5 | . . . . 1 1 2 2 3 4 3 5 5 Low Security (%) 3 | 100 100 100 . 63 62 36 31 . . . . . Level 1 2 | . . . . 36 37 53 64 . . . . . Level 2 . | . . . . . . 10 4 . . . . . Level 3 18 | . . . . . . . . 100 25 100 20 29 Level 4 39 | . . . . . . . . . 74 . 71 36 Level 5 34 | . . . . . . . . . . . 8 34 High Security . | . . . . . . . . . . . . . Max Security . | . . . . . . . . . . . . . Squads Dispatched 19 | . 1 . . . 1 3 1 . . 1 . 12 Investigation 1 | . . . . . . . . . . . . 1 Extermination 2 | . . . . . . . . . . . . 2 Reinforcement 10 | . 1 . . . 1 3 1 . . . . 4 Assault 2 | . . . . . . . . . . . . 2 Garrison 4 | . . . . . . . . . . 1 . 3 Intercept . | . . . . . . . . . . . . . Construction Impeded 6 | . . . . . . 2 1 . . . . 3 Haulers Reinforced . | . . . . . . . . . . . . . Alert ID Control Effect 2 | . . . . . . . . . . . . 2 Stealth | -11 -10 -10 -10 -9 -8 -8 -8 -6 -6 -5 -5 -4 --------- Run | Scr Mat Min Exi Min Mat Sto Rec Fac Gar Fac Gar Fac Distress Signals 9 | . 2 . . . . . 1 . . . . 6 Communications Jammed . | . . . . . . . . . . . . . Distress Signals . | . . . . . . . . . . . . . Times Spotted 222 | . 6 17 . 14 23 18 25 . 25 3 36 55 Peak Tracking Total 8 | . 4 7 . 5 4 4 6 . 6 2 5 8 Tactical Retreats 13 | . . 2 . 1 . 2 . . 4 . 2 2 Traps | -11 -10 -10 -10 -9 -8 -8 -8 -6 -6 -5 -5 -4 ------- Run | Scr Mat Min Exi Min Mat Sto Rec Fac Gar Fac Gar Fac Traps Triggered 12 | . . . . . . 5 . . 1 . 6 . Indirectly . | . . . . . . . . . . . . . Trap Hack Attempts . | . . . . . . . . . . . . . Triggered . | . . . . . . . . . . . . . Disarmed . | . . . . . . . . . . . . . Reprogrammed . | . . . . . . . . . . . . . Reused . | . . . . . . . . . . . . . Traps Extracted . | . . . . . . . . . . . . . Installed . | . . . . . . . . . . . . . Triggered . | . . . . . . . . . . . . . Machines | -11 -10 -10 -10 -9 -8 -8 -8 -6 -6 -5 -5 -4 ---------- Run | Scr Mat Min Exi Min Mat Sto Rec Fac Gar Fac Gar Fac Machines Disabled 57 | . . . . 5 2 7 4 . 2 2 3 32 Max in Single Turn 4 | . . . . 4 . 2 . . 2 1 1 2 Garrison Relay 3 | . . . . . . . . . . . 3 . Phase Generator 1 | . . . . . . . . . 1 . . . Machines Sabotaged . | . . . . . . . . . . . . . Garrisons Compromised . | . . . . . . . . . . . . . Overloaded Fab Kills . | . . . . . . . . . . . . . Fab Network Shutdowns . | . . . . . . . . . . . . . Hacking | -11 -10 -10 -10 -9 -8 -8 -8 -6 -6 -5 -5 -4 --------- Run | Scr Mat Min Exi Min Mat Sto Rec Fac Gar Fac Gar Fac Machines Accessed 22 | . . . 1 . 3 9 4 2 . 2 . 1 Terminals 17 | . . . . . 3 8 4 . . 1 . 1 Fabricators . | . . . . . . . . . . . . . Repair Stations 1 | . . . . . . 1 . . . . . . Recycling Units . | . . . . . . . . . . . . . Scanalyzers 1 | . . . . . . . . 1 . . . . Garrison Access 2 | . . . . . . . . 1 . 1 . . Total Hacks 47 | . . . 1 . 11 20 7 3 . 3 . 2 Successful 33 | . . . 1 . 7 17 3 3 . 2 . . Failed 14 | . . . . . 4 3 4 . . 1 . 2 Catastrophic 3 | . . . . . 1 . 1 . . . . 1 Database Lockouts . | . . . . . . . . . . . . . Manual 33 | . . . 1 . 11 15 6 . . . . . Terminals 40 | . . . . . 11 18 7 . . 2 . 2 Fabricators . | . . . . . . . . . . . . . Repair Stations 2 | . . . . . . 2 . . . . . . Recycling Units . | . . . . . . . . . . . . . Scanalyzers 2 | . . . . . . . . 2 . . . . Garrison Access 2 | . . . . . . . . 1 . 1 . . Terminal Hacks 16 | . . . 1 . 3 8 3 . . 1 . . Record 1 | . . . . . . . 1 . . . . . Part Schematic 1 | . . . . . . 1 . . . . . . Robot Analysis 1 | . . . . . . . . . . 1 . . Open Door 4 | . . . . . . 4 . . . . . . Unreport Threat 8 | . . . . . 3 3 2 . . . . . EX-Prototype ID Bank 1 | . . . 1 . . . . . . . . . Fabricator Hacks . | . . . . . . . . . . . . . Repair Station Hacks 2 | . . . . . . 2 . . . . . . Scan Component 1 | . . . . . . 1 . . . . . . Repair 1 | . . . . . . 1 . . . . . . Recycling Unit Hacks . | . . . . . . . . . . . . . Scanalyzer 2 | . . . . . . . . 2 . . . . Insert Component 1 | . . . . . . . . 1 . . . . Analyze 1 | . . . . . . . . 1 . . . . Garrison Access Hacks 2 | . . . . . . . . 1 . 1 . . Unlock Access 2 | . . . . . . . . 1 . 1 . . Unauthorized Hacks 11 | . . . . . 4 7 . . . . . . Terminals 11 | . . . . . 4 7 . . . . . . Track 2 | . . . . . 1 1 . . . . . . Botnet 5 | . . . . . 2 3 . . . . . . Detonate 1 | . . . . . . 1 . . . . . . Operators 3 | . . . . . 1 2 . . . . . . Fabricators . | . . . . . . . . . . . . . Repair Stations . | . . . . . . . . . . . . . Recycling Units . | . . . . . . . . . . . . . Scanalyzers . | . . . . . . . . . . . . . Garrison Access . | . . . . . . . . . . . . . Data Cores Recovered . | . . . . . . . . . . . . . Used . | . . . . . . . . . . . . . Hacking Detections 14 | . . . . . 3 5 3 1 . 1 . 1 Full Trace Events 1 | . . . . . . . . . . . . 1 Feedback Events . | . . . . . . . . . . . . . Feedback Blocked . | . . . . . . . . . . . . . Robot Schematics Acquired . | . . . . . . . . . . . . . Robots Built . | . . . . . . . . . . . . . Matter . | . . . . . . . . . . . . . Time . | . . . . . . . . . . . . . Total Robot Build Rating . | . . . . . . . . . . . . . Part Schematics Acquired 2 | . . . . . . 1 . 1 . . . . Parts Built . | . . . . . . . . . . . . . Matter . | . . . . . . . . . . . . . Time . | . . . . . . . . . . . . . Total Part Build Rating . | . . . . . . . . . . . . . Parts Repaired 1 | . . . . . . 1 . . . . . . Time 26 | . . . . . . 26 . . . . . . Parts Recycled . | . . . . . . . . . . . . . Recycled Matter . | . . . . . . . . . . . . . Retrieved Matter . | . . . . . . . . . . . . . Retrieved Components . | . . . . . . . . . . . . . Parts Scanalyzed 1 | . . . . . . . . 1 . . . . Part Schematics Acquired 1 | . . . . . . . . 1 . . . . Parts Damaged . | . . . . . . . . . . . . . Bothacking | -11 -10 -10 -10 -9 -8 -8 -8 -6 -6 -5 -5 -4 ------------ Run | Scr Mat Min Exi Min Mat Sto Rec Fac Gar Fac Gar Fac Used RIF Installer 2 | . . . . . . . . . 1 . 1 . Alert ID Control 1 | . . . . . . . . . . . 1 . Robots Hacked 3 | . . . . . . . . . . . . 3 Non-combat . | . . . . . . . . . . . . . Combat 3 | . . . . . . . . . . . . 3 Robot Hacks Applied 3 | . . . . . . . . . . . . 3 overwrite_iff 1 | . . . . . . . . . . . . 1 formatsys_high 2 | . . . . . . . . . . . . 2 Relay Couplers Released 14 | . . . . . . . . . . . 14 . Machine Destruction 14 | . . . . . . . . . . . 14 . Attached 1 | . . . . . . . . . . . . 1 Robots Rewired . | . . . . . . . . . . . . . Allies Hacked . | . . . . . . . . . . . . . Hacks Repelled . | . . . . . . . . . . . . . Allies | -11 -10 -10 -10 -9 -8 -8 -8 -6 -6 -5 -5 -4 -------- Run | Scr Mat Min Exi Min Mat Sto Rec Fac Gar Fac Gar Fac Total Allies 20 | . 1 5 . . . 11 . . . . . 3 Largest Group 12 | . 1 5 5 4 2 12 11 8 8 1 1 4 Highest-Rated Group 382 | . 57 130 130 120 124 382 366 251 251 123 138 247 Highest-Rated Ally 151 | . 57 59 80 87 109 110 111 126 127 123 138 151 Total Orders . | . . . . . . . . . . . . . Ally Attacks 545 | . 8 63 . 35 31 43 115 . 78 15 44 113 Total Damage 16344 | . 77 772 . 657 985 1621 1416 . 2156 334 2523 5803 Kills 158 | . 1 16 . 10 15 21 31 . 15 6 12 31 Allies Corrupted 1 | . . . . . . 1 . . . . . . Allies Melted . | . . . . . . . . . . . . . Intel | -11 -10 -10 -10 -9 -8 -8 -8 -6 -6 -5 -5 -4 ------- Run | Scr Mat Min Exi Min Mat Sto Rec Fac Gar Fac Gar Fac Robot Analysis Total 1 | . . . . . . . . . . 1 . . Derelict Logs Recovered . | . . . . . . . . . . . . . Drone Launches . | . . . . . . . . . . . . . Drone Recoveries . | . . . . . . . . . . . . . Exploration | -11 -10 -10 -10 -9 -8 -8 -8 -6 -6 -5 -5 -4 ------------- Run | Scr Mat Min Exi Min Mat Sto Rec Fac Gar Fac Gar Fac Turns Passed 7425 | 2 163 393 461 260 1156 1372 429 143 847 138 1246 815 Spaces Moved 3498 | 1 104 227 268 94 516 605 167 64 341 85 655 371 Core 3 | . . 1 . . . . . . . . . 2 Treads 1239 | . . 29 47 94 516 553 . . . . . . Legs 2254 | 1 104 195 221 . . 52 167 64 341 85 655 369 Wheels 2 | . . 2 . . . . . . . . . . Hover . | . . . . . . . . . . . . . Flight . | . . . . . . . . . . . . . Fastest Speed 100 | 120 120 100 150 200 200 200 210 210 120 150 150 120 Average Speed 176 | 120 120 140 168 204 200 200 210 210 188 150 150 160 Slowest Speed 1450 | 120 120 160 240 240 200 240 210 210 330 150 150 1450 Overloaded Moves . | . . . . . . . . . . . . . Propulsion Burnouts . | . . . . . . . . . . . . . Robots Hopped . | . . . . . . . . . . . . . Cave-ins Triggered . | . . . . . . . . . . . . . Exploration Rate (%) 39 | 1 24 63 61 25 35 78 60 2 69 3 75 14 Regions Visited 12 Branch Regions 5 Pre-discovered Areas . | . . . . . . . . . . . . . Known Exits Taken 7 | . 1 1 . . 1 1 1 1 . 1 . . Unknown Exits Taken 3 | 1 . . 1 1 . . . . . . . . Scrap Searched . | . . . . . . . . . . . . . Spaces Dug . | . . . . . . . . . . . . . Terrain Destroyed 363 | . . . . 5 . 137 . . 77 1 50 93 Melee . | . . . . . . . . . . . . . Projectile 16 | . . . . . . 1 . . . . 9 6 AOE 347 | . . . . 5 . 136 . . 77 1 41 87 Actions | -11 -10 -10 -10 -9 -8 -8 -8 -6 -6 -5 -5 -4 --------- Run | Scr Mat Min Exi Min Mat Sto Rec Fac Gar Fac Gar Fac Total 4286 | 4 123 270 280 141 595 764 222 72 439 93 809 474 Wait 115 | . . 9 . 26 1 41 34 1 . 2 1 . Move 3487 | . 103 226 267 93 515 604 166 64 340 84 654 371 Hop . | . . . . . . . . . . . . . Pick Up 105 | . 5 1 8 1 17 26 4 3 17 2 16 5 Fast Attach 44 | . 1 4 1 1 7 10 . . 6 1 5 8 Attach 25 | . . 2 . . 2 2 . 4 . 2 3 10 Detach 2 | . . . 1 . . 1 . . . . . . Swap 66 | . 1 . 1 8 8 8 . . 10 . 22 8 Drop 118 | 4 2 1 2 1 14 43 4 . 12 1 30 4 Fire 292 | . 11 27 . 11 31 22 14 . 49 1 58 68 Melee . | . . . . . . . . . . . . . Ram . | . . . . . . . . . . . . . Kick . | . . . . . . . . . . . . . Crush . | . . . . . . . . . . . . . Escape Stasis 31 | . . . . . . 6 . . 5 . 20 . Rewire 1 | . . . . . . 1 . . . . . . Trap . | . . . . . . . . . . . . . Miscellaneous . | . . . . . . . . . . . . . Route ------- -11/Scrapyard -10/Materials -10/Mines (discovered 2 exits: *Mat / *Exi) -10/Exiles (discovered 2 exits: [*Min x2]) -9/Mines -8/Materials -8/Storage -8/Recycling -6/Factory -6/Garrison -5/Factory -5/Garrison (discovered 2 exits: *Fac x2) -4/Factory History --------- Turn | Location | Event 3 | -11/Scrapyard | Discovered new exit (range 0) 3 | -11/Scrapyard | Entered Materials 72 | -10/Materials | Discovered new exit (range 15) 146 | -10/Materials | Identified exit to Mines 166 | -10/Materials | Entered Mines 166 | -10/Mines | Accompanied by 1 ally 200 | -10/Mines | Assembled infested the area 205 | -10/Mines | Assisted by a Guerilla fighting off Assembled 302 | -10/Mines | Build established: Mutant 307 | -10/Mines | Core integrity fell below 50% 332 | -10/Mines | Lost 5 parts (1p2n2w) 388 | -10/Mines | Discovered new exit (range 13) 443 | -10/Mines | Identified exit to Materials 493 | -10/Mines | Assisted by bots powering up and referring to "LRC-V3" 541 | -10/Mines | Deemed a non-threat by the Exiles lab entrance 542 | -10/Mines | Discovered new exit (range 5) 547 | -10/Mines | Identified exit to Exiles 559 | -10/Mines | Entered Exiles 559 | -10/Exiles | Accompanied by 5 allies 582 | -10/Exiles | Discovered new exit (range 15) 589 | -10/Exiles | Led the pair of lost Derelicts to a safe place 600 | -10/Exiles | Met 8R-AWN 621 | -10/Exiles | Met EX-HEX 663 | -10/Exiles | Met EX-BIN 679 | -10/Exiles | Aligned with FarCom system 681 | -10/Exiles | Given EX-Vault access code 720 | -10/Exiles | Opened EX-Vault 732 | -10/Exiles | Found Latent Energy Streamer 767 | -10/Exiles | Warned to stay clear of 0b10 Research branches 809 | -10/Exiles | Met EX-DEC 993 | -10/Exiles | Discovered new exit (range 12) 1020 | -10/Exiles | Stole three prototypes: Latent Energy Streamer, Lightpack 2.0, Superbattery 1020 | -10/Exiles | Entered Mines 1020 | -9/Mines | Accompanied by 4 allies 1110 | -9/Mines | Excavation squad dispatched 1110 | -9/Mines | A large section of the Mines collapsed 1110 | -9/Mines | Core integrity fell below 20% 1219 | -9/Mines | Build established: Hauler-Mutant 1239 | -9/Mines | Discovered new exit (range 15) 1280 | -9/Mines | Entered Materials 1280 | -8/Materials | Accompanied by 2 allies 1280 | -8/Materials | Evolved 4 slots: Utility x4 2192 | -8/Materials | Discovered new exit (range 13) 2300 | -8/Materials | Identified exit to Storage 2436 | -8/Materials | Entered Storage 2436 | -8/Storage | Accompanied by 1 ally 2489 | -8/Storage | Build established: Hauler-Skirmisher 2601 | -8/Storage | Found Prototype Launcher 2607 | -8/Storage | Found Prototype Launcher 2623 | -8/Storage | Found Prototype Launcher 2623 | -8/Storage | Identified Gui. Missile Launcher (x3) 2627 | -8/Storage | Found Gui. Missile Launcher 2633 | -8/Storage | Found Gui. Missile Launcher 2904 | -8/Storage | Repaired Lgt. Treads 3212 | -8/Storage | Met 01-MTF 3553 | -8/Storage | Assisted by bots powering up and referring to "LRC-V3" 3661 | -8/Storage | Used back door to open Recycling access 3661 | -8/Storage | Discovered new exit (range 5) 3798 | -8/Storage | Identified exit to Recycling 3808 | -8/Storage | Entered Recycling 3808 | -8/Recycling | Accompanied by 11 allies 3813 | -8/Recycling | 01-MTF left 3852 | -8/Recycling | Spotter reported a threat 3852 | -8/Recycling | Spotter reported a threat 3855 | -8/Recycling | Spotter reported a threat 3858 | -8/Recycling | Build established: Commander-Skirmisher 3879 | -8/Recycling | Spotter reported a threat 3880 | -8/Recycling | Spotter reported a threat 3905 | -8/Recycling | Spotter reported a threat 3917 | -8/Recycling | Spotter reported a threat 3962 | -8/Recycling | Spotter reported a threat 3963 | -8/Recycling | Spotter reported a threat 3970 | -8/Recycling | Spotter reported a threat 3970 | -8/Recycling | Spotter reported a threat 4011 | -8/Recycling | Spotter reported a threat 4048 | -8/Recycling | Spotter reported a threat 4048 | -8/Recycling | Spotter reported a threat 4049 | -8/Recycling | Spotter reported a threat 4050 | -8/Recycling | Spotter reported a threat 4095 | -8/Recycling | Spotter reported a threat 4095 | -8/Recycling | Spotter reported a threat 4095 | -8/Recycling | Spotter reported a threat 4106 | -8/Recycling | Spotter reported a threat 4132 | -8/Recycling | Spotter reported a threat 4132 | -8/Recycling | Spotter reported a threat 4132 | -8/Recycling | Spotter reported a threat 4136 | -8/Recycling | Discovered new exit (range 16) 4183 | -8/Recycling | Spotter reported a threat 4183 | -8/Recycling | Spotter reported a threat 4183 | -8/Recycling | Spotter reported a threat 4183 | -8/Recycling | Spotter reported a threat 4201 | -8/Recycling | Identified exit to Factory 4237 | -8/Recycling | Entered Factory 4237 | -6/Factory | Accompanied by 8 allies 4237 | -6/Factory | Evolved 4 slots: Power x1, Utility x2, Weapon x1 4239 | -6/Factory | FarCom data flow suspended 4379 | -6/Factory | Identified exit to Garrison 4380 | -6/Factory | Entered Garrison 4380 | -6/Garrison | Accompanied by 8 allies 4444 | -6/Garrison | Phase Generator disabled 4580 | -6/Garrison | Triggered checkpoint 4596 | -6/Garrison | Triggered checkpoint 4621 | -6/Garrison | Triggered checkpoint 4666 | -6/Garrison | Triggered checkpoint 4714 | -6/Garrison | Core integrity fell below 50% 4822 | -6/Garrison | Triggered checkpoint 4950 | -6/Garrison | Build established: Scavenger-Skirmisher 4974 | -6/Garrison | Core integrity fell below 20% 5159 | -6/Garrison | Discovered new exit (range 14) 5203 | -6/Garrison | Identified exit to Factory 5219 | -6/Garrison | Installed Relay Interface Framework 5227 | -6/Garrison | Entered Factory 5227 | -5/Factory | Accompanied by 1 ally 5227 | -5/Factory | Evolved 2 slots: Propulsion x2 5275 | -5/Factory | Garrison activated, responded to threat 5357 | -5/Factory | Identified exit to Garrison 5365 | -5/Factory | Entered Garrison 5365 | -5/Garrison | Accompanied by 1 ally 5552 | -5/Garrison | Triggered checkpoint 5567 | -5/Garrison | Spotted B-75 Beast 5592 | -5/Garrison | Destroyed B-75 Beast 5605 | -5/Garrison | Triggered checkpoint 5634 | -5/Garrison | Triggered checkpoint 5669 | -5/Garrison | Destroyed 9 combat bots 5692 | -5/Garrison | Triggered checkpoint 5693 | -5/Garrison | Build established: Scavenger-Gunner 5840 | -5/Garrison | Triggered checkpoint 5874 | -5/Garrison | Discovered new exit (range 12) 5889 | -5/Garrison | Identified exit to Factory 5903 | -5/Garrison | Expanded RIF knowledge: Alert ID Control 5963 | -5/Garrison | Garrison Relay disabled 6242 | -5/Garrison | Triggered checkpoint 6272 | -5/Garrison | Garrison Relay disabled 6458 | -5/Garrison | Discovered exit to Factory (range 10) 6481 | -5/Garrison | Triggered checkpoint 6547 | -5/Garrison | Garrison Relay disabled 6611 | -5/Garrison | Entered Factory 6611 | -4/Factory | Accompanied by 1 ally 6611 | -4/Factory | Evolved 2 slots: Utility x1, Weapon x1 6991 | -4/Factory | Build established: Scavenger-Skirmisher 7142 | -4/Factory | First assault squad dispatched 7189 | -4/Factory | Garrison activated, responded to threat 7289 | -4/Factory | Garrison activated, responded to threat 7375 | -4/Factory | Lost 19 parts (1p5n5u8w) 7384 | -4/Factory | Core integrity fell below 50% 7422 | -4/Factory | Core integrity fell below 20% 7426 | -4/Factory | Core destroyed Last Messages --------------- 07416_ Veteran 7a destroyed. 07417_ U-05 Engineer lays Concrete. 07418_ Acquired 10 matter. 07418_ U-05 Engineer lays Concrete. 07419_ K-01 Serf collects debris. 07419_ U-05 Engineer lays Concrete. 07420_ K-01 Serf collects debris. 07420_ U-05 Engineer lays Concrete. 07420_ Dropped Flexi-carbon Leg. 07420_ Acquired Flexi-carbon Leg. 07420_ U-05 Engineer builds a Door. 07420_ U-05 Engineer lays Concrete. 07422_ K-01 Serf collects debris. 07422_ System corrupted: Hvy. Neutron Cannon targeting data glitched. 07423_ U-05 Engineer lays Concrete. 07423_ K-01 Serf collects debris. 07423_ U-05 Engineer lays Concrete. 07426_ Penetrated by Slug. 07426_ Slug penetrates Wall. 07426_ K-01 Serf collects debris. Map ----- +----------------------------------------------------+ | ?????????????????????????????????????????????????? | | ?????????????????????????????????????????????????? | | ?????????????????????????????????????????????????? | | ?????????????????????????????????????????????????? | | ?????????????????????????????????????????????????? | | ?????????????????????????????????????????????????? | | ?????????????????????????????????????????????????? | | ?????????????????????????????????????????????????? | | ?????????????????????????#######+######??????????? | | ?????????????????????????? #??????????? | | ?????????????????????????? #??????????? | | ??????????????????????????? ?????#+##### | | ?????????????????????????# ????# | | ?????????????????????????# ? ????# | | ?????????????????????????# ???# | | ?????????????????????????? ???? | | ?????????????????????????? ???? | | ?????????????????????????# ????# # | | ?????????????????????????? ???? # | | ???????????????????????????? ????? ## | | ?????????????????????????# ??? ????? # | | ??????????????????????????#+####+##############+## | | ????????????????????????### ! | | ???????????????????#????# #h % | | ?????????#### ?????# ####== | | ?????? #####*#@ = | | ?????? "%%%%%!=%%! ! | | ?????? ####;!g! = = | | ?????????????????????##[!! u ! =*u % | | ??????????????????????; ! %* !* % | | ?????????????????????## %! == | | ??????????????????????# * k | == # | | ??????????????????????# k ! = A % # | | ??????????????????????# ! !% # | | ??????????????????????## !+#+##t##### ### | | ???????????????????????## ! # """"" # | | ????????????????????????# # !%= ## ""T"" # | | ????????????????????????## %% |=## # | | ????????????????????????## ! !%!## = ] # | | ????????????????????????# =% = # ] # | | ????????????????????????## * # ##+#+# | | ????????????????????????# *## # | | ????????????????????????# !+ = # | | ????????????????????????# =## % | | ????????????????????????## !##%%% ##### | | ?????????????????????????# ## ##???? | | ?????????????????????????## # % % ##### | | ??????????????????????????############## # # | | ???????????????????????????????# + + # | | ???????????????????????????????# # # # | +----------------------------------------------------+ Best States ------------- Heat Dissipation 78 Energy Generation 37 Energy Capacity 550 Matter Stores 300 Matter Capacity 300 Sight Range 20 Robot Scan Range 13 Terrain Scan Range 20 Terrain Scan Density 10 Armor Coverage 600 Propulsion Shielding 66 Weapon Shielding 66 Reclamation Efficiency 10 Evasion (%) 40 Core Analysis 8 Recoil Reduction 2 Defensive Hacking 10 Item Schematics ----------------- Lrg. Storage Unit | -8/Storage | Hacked Hcp. Storage Unit | -6/Factory | Scanalyzed Robot Schematics ------------------ None Fabricated ------------ Nothing Alien Tech Used ----------------- None Achievements -------------- None Challenges ------------ None Player 2 | -11 -10 -10 -10 -9 -8 -8 -8 -6 -6 -5 -5 -4 ---------- Run | Scr Mat Min Exi Min Mat Sto Rec Fac Gar Fac Gar Fac Slots Evolved 12 | . . . . 4 . . 4 . 2 . 2 . Power . | . . . . . . . . . . . . . Propulsion 4 | . . . . 2 . . 1 . . . 1 . Utility 5 | . . . . . . . 2 . 2 . 1 . Weapon 3 | . . . . 2 . . 1 . . . . . Parts Attached 139 | . 6 4 11 4 18 2 2 5 25 7 34 21 Parts Lost 68 | . . 5 . 2 1 . 1 . 26 1 7 25 Damage Taken 8856 | . . 270 . 474 323 312 57 . 3127 474 963 2856 Core 1815 | . . 43 . 37 84 98 . . 557 67 107 822 Player 2/Cogmind (%) 68 | . . 37 . 84 100 62 . . 80 100 41 71 Absorbed by Shields 35 | . . 35 . . . . . . . . . . Damage Inflicted 13521 | . 77 311 . 432 954 1447 469 . 1751 334 2523 5223 Player 2/Cogmind (%) 51 | . 37 63 . 47 65 51 54 . 52 85 49 48 Combat Hostiles Destroyed 81 | . 1 3 . 2 7 17 6 . 12 6 12 15 Player 2/Cogmind (%) 54 | . 33 75 . 33 53 80 66 . 48 100 37 48 Game ------ Seed SurveybotArcApparatus Manual? 0 Play Time 01:20:34 Cumulative 250.7 hours Start 2020.04.16 @ 17:35:06 End 2020.04.23 @ 19:49:56 Sessions 8 Manual Loads 0 Difficulty Rogue Special Mode AFD2020/Player2 Game No. 386 Rogue 385 Adventurer 0 Explorer 1 Win Type - Total 1 Types 1/0/0/0/0/0/0 Lore% 65 Gallery% 79 Achievement% 54 Wizard Run 0 Options --------- ASCII 1 Keyboard 1 Movement Vi Keybinds 0 Fullscreen 2 Font 14/Cog Map View 72x52 Tactical HUD 1 Map Filters NONE Filters LOW_CONTRAST(13,24,33) Steam 0 RUN: b6242604-d4e7-4110-9cf3-2b2da88371af